 Dungeon Crawl Stone Soup version 0.27-a0-78-g75406f0b48 (webtiles) character file.

Game seed: 8682001586539192641

42 science1 the Caller (level 3, 24/24 HPs)
             Began as a Mummy Summoner on Jan 14, 2021.
             Safely got out of the dungeon.
             The game lasted 00:11:50 (1002 turns).

science1 the Caller (Mummy Summoner)                Turns: 1002, Time: 00:11:51

Health: 24/24      AC:  2    Str: 11    XL:     3   Next: 33%
Magic:  7/7        EV:  7    Int: 15    God:
Gold:   18         SH:  9    Dex: 12    Spells: 5/8 levels left

rFire    x . .     SeeInvis .   c - +2 spear (venom)
rCold    + . .     Faith    .   m - +0 tower shield
rNeg     + + +     Spirit   .   a - +0 robe
rPois    ∞         Reflect  .   (no helmet)
rElec    .         Harm     .   (no cloak)
rCorr    .         Rampage  .   (no gloves)
Will     .....                  (no boots)
Stlth    ++........             (no amulet)
HPRegen  0.08/turn              (no ring)
MPRegen  0.10/turn              (no ring)

@: no status effects
A: no potions, fire vulnerability, cold resistance 1, negative energy resistance
3, torment resistance, unbreathing
a: no special abilities


You escaped.
You visited 1 branch of the dungeon, and saw 1 of its levels.

You collected 18 gold pieces.

Inventory:

Hand Weapons
 c - a +2 spear of venom (weapon)
 f - a +0 short sword
 k - a +0 whip
Missiles
 e - 47 stones
 n - 25 sling bullets
Armour
 a - a +0 robe (worn)
 m - a +0 tower shield (worn)
Scrolls
 b - a scroll of enchant weapon {unknown}
 d - a scroll of fog {unknown}
 h - a scroll of remove curse {unknown}
 i - a scroll of amnesia {unknown}
 j - a scroll of identify {unknown}
 l - a scroll of teleportation {unknown}
 o - a scroll of enchant armour {unknown}
 p - a scroll of fear {unknown}
Potions
 g - 2 potions of curing {unknown}


   Skills:
 + Level 0.4 Polearms
 + Level 1.6 Dodging
 + Level 1.6 Stealth
 + Level 3.1 Spellcasting
 + Level 4.0 Summonings


You had 5 spell levels left.
You knew the following spells:

 Your Spells              Type           Power        Failure   Level
a - Summon Small Mammal   Summ           56%          69%         1
b - Call Imp              Summ           14%          83%         2

Your spell library contained the following spells:

 Spells                   Type           Power        Failure   Level
 Call Canine Familiar     Summ           14%          96%         3
 Summon Guardian Golem    Hex/Summ       8%           100%        3
 Summon Ice Beast         Ice/Summ       8%           100%        4
 Summon Lightning Spire   Summ/Air       8%           100%        4


Dungeon Overview and Level Annotations

Branches:
Dungeon (1/15)

Altars:


Innate Abilities, Weirdness & Mutations

You do not drink.
Your flesh is vulnerable to fire.
You are immune to poison.
Your flesh is cold resistant. (rC+)
You are immune to negative energy. (rN+++)
You are immune to unholy pain and torment.
You can survive without breathing.


Message History

There is an open door here.
Things that are here:
a +0 short sword; a kobold skeleton A rat comes into view.
Found 13 stones.
Reach: c) +2 spear (venom)
Press: ? - help, Dir - move target, f - rat
Aim: a rat (asleep)
You reach to attack!
The helpless rat fails to defend itself.
You hit the rat.
The rat is poisoned.
The rat is heavily wounded.
You kill the rat!
e - 47 stones (gained 13) Done exploring.
There is a staircase leading out of the dungeon here.
Unknown command.
You can't go down here!
Are you sure you want to leave the Dungeon?
This will make you lose the game!
You have escaped!

#.# #..#...###.####### #.#
#.#.#............. #.#
###.#.#.####.####### #.#
#..#..#.# #.#
#.#####.#...#.# #.#
#.##.......#..# #.######
#.#..#####.#..# #.#....#
#...#......#..# #.#....#
#..#....#@.#..# #.#....##
##..#...#.#...####.......#
##..##.#................#
##....#...#..#########.#
####.#...#..# #.#
#..#..#..# #.. ##..#.#..#
#.. ##.#.#..# #.. #..#...#
#..


There were no monsters in sight!

Vanquished Creatures
  A gnoll (D:1)
  2 dart slugs (D:1)
  A ball python (D:1)
  A goblin (D:1)
  3 hobgoblins (D:1)
  2 jackals (D:1)
  4 bats (D:1)
  3 frilled lizards (D:1)
  7 kobolds (D:1)
  6 rats (D:1)
30 creatures vanquished.

Notes
Turn   | Place    | Note
-------+----------+-------------------------------------------
     0 | D:1      | science1 the Mummy Summoner began the quest for the Orb.
     0 | D:1      | Reached XP level 1. HP: 13/13 MP: 4/4
    56 | D:1      | Reached XP level 2. HP: 19/19 MP: 5/5
   590 | D:1      | Reached XP level 3. HP: 24/24 MP: 7/7
   618 | D:1      | Learned a level 2 spell: Call Imp
   661 | D:1      | Reached skill level 4 in Summonings
  1002 | D:$      | Safely got out of the dungeon.

Illustrated notes

Levels and vault maps discovered:
D:1:      ebering_trefoil_3fold, layout_basic, st_stairs_11

Skill      XL: |  1  2  3 |
---------------+----------+-----
Spellcasting   | 3 |  3.1
Summonings     | 4 |  4.0
Polearms       | |  0.4
Dodging        | |  1.6
Stealth        | |  1.6

Action                   || total
-------------------------++-------
Melee: Spear             ||    58
 Cast: Call Imp          ||     3
 Stab: Sleeping          ||     4
Armor: Robe              ||     4
Dodge: Dodged            ||    33
Block: Tower shield      ||     2

Table legend: (Time is in decaauts)
 A = Elapsed time spent in this place.
 B = Non-inter-level travel time spent in this place.
 C = Inter-level travel time spent in this place.
 D = Time resting spent in this place.
 E = Time spent auto-exploring this place.
 F = Levels seen in this place.
 G = Mean time per level.
                   A        B        C        D        E       F      G
               +--------+--------+--------+--------+--------+-----+--------+
         Total |   1007 |    971 |     36 |    283 |    367 |   1 | 1007.0 |
       Dungeon |   1007 |    971 |     36 |    283 |    367 |   1 | 1007.0 |
               +--------+--------+--------+--------+--------+-----+--------+

Top non-repeatable levels by time:
     D:1: 1007 daAuts
